Map: Ruins of Endion

Players

speaknow (ByuN) - Winner!

  • Race: Terran Terran

EnvyusViolet (viOLet)

  • Race: Zerg Zerg
  • League: Master

VOD

Have the link to the VOD?

Description

Time

  • Played on: June 3, 2016, 7:39 p.m.
  • Length: 6:39
Show
View Real Time Build Order
Export as new Build Order

speaknow Terran - Winner!

Build Orders: Reaper Expand 

Get SALT Encoding   

  12  0:01  SCV  
  13  0:13  SCV  
  14  0:17  Supply Depot  
  14  0:25  SCV  
  15  0:39  SCV  
  15  0:40  Barracks  
  16  0:43  Refinery  
  16  0:51  SCV  
  17  1:03  SCV  
  18  1:15  SCV  
  19  1:27  Reaper, Orbital Command  
  20  1:39  Command Center  
  20  1:48  Supply Depot  
  20  1:53  SCV  
  21  1:59  Marine  
  22  2:05  Barracks  
  22  2:06  SCV  
  23  2:12  Refinery  
  23  2:17  Barracks Reactor  
  23  2:18  SCV  
  24  2:31  SCV  
  25  2:37  Factory  
  25  2:43  SCV  
  26  2:51  Orbital Command  
  26  2:53  Barracks Tech Lab  
  26  2:54  Marine x2  
  28  2:58  SCV  
  29  3:11  Marine  
  29  3:12  Marine  
  32  3:13  Stimpack  
  32  3:14  Marine  
  33  3:21  SCV x2  
  33  3:22  Factory Reactor, Starport  
  34  3:31  Marine  
  34  3:33  SCV x2  
  37  3:34  Marine x2  
  37  3:37  Supply Depot  
  39  3:45  SCV x2  
  41  3:49  Marine  
  41  3:52  Marine x2  
  43  3:57  SCV x2  
  45  4:06  Marine  
  45  4:09  SCV x2  
  48  4:10  Marine x2  
  48  4:11  Medivac  
  48  4:12  Medivac  
  48  4:13  Supply Depot  
  54  4:24  Engineering Bay  
  54  4:25  Engineering Bay  
  54  4:26  Supply Depot  
  54  4:32  Refinery  
  54  4:34  Marine x3, Factory Reactor, SCV x2  
  59  4:46  SCV x2  
  59  4:50  Supply Depot  
  59  4:52  Marine x3  
  64  4:59  SCV x2  
  66  5:10  Marine x3  
  66  5:11  SCV x2, Medivac  
  71  5:27  Marine  
  71  5:28  Marine x2  
  74  5:29  Medivac  
  74  5:31  SCV x2  
  78  5:43  Command Center  
Show
View Real Time Build Order
Export as new Build Order

EnvyusViolet Zerg 

Build Orders: Hatch First 

Get SALT Encoding   

  12  0:00  Drone  
  13  0:13  Overlord  
  13  0:18  Drone  
  14  0:32  Drone x2  
  17  0:35  Drone  
  17  0:53  Hatchery  
  17  0:56  Drone  
  17  0:58  Drone  
  18  1:10  Extractor  
  17  1:12  Spawning Pool  
  17  1:15  Drone  
  18  1:18  Drone  
  18  1:29  Drone  
  19  1:41  Overlord  
  19  1:59  Queen  
  19  2:01  Zergling x4  
  23  2:04  Queen  
  23  2:05  Zergling x2  
  26  2:12  Drone  
  26  2:14  Metabolic Boost  
  27  2:22  Drone  
  28  2:28  Drone  
  28  2:29  Overlord  
  29  2:34  Drone  
  29  2:40  Queen  
  31  2:49  Drone  
  31  2:50  Drone  
  33  2:54  Drone  
  33  2:55  Lair  
  34  3:00  Drone x2  
  36  3:07  Drone x3  
  36  3:11  Drone  
  36  3:12  Drone  
  41  3:13  Drone x2  
  41  3:17  Extractor  
  42  3:23  Overlord  
  42  3:24  Drone  
  43  3:27  Overlord  
  43  3:31  Extractor  
  43  3:33  Extractor  
  41  3:37  Drone  
  41  3:39  Drone  
  43  3:44  Drone  
  43  3:46  Drone  
  46  3:48  Drone x3  
  46  3:50  Drone  
  49  4:02  Spire  
  48  4:06  Overlord  
  48  4:07  Drone  
  48  4:08  Drone  
  50  4:11  Drone  
  51  4:19  Drone  
  51  4:20  Drone x2  
  51  4:22  Hatchery  
  51  4:23  Zergling x2  
  54  4:30  Zergling x8  
  58  4:40  Overlord x2  
  58  4:46  Overlord  
  58  4:50  Zergling x8  
  61  5:10  Zergling x10  
  52  5:22  Mutalisk x2  
  51  5:28  Zergling x6  
  51  5:29  Zergling x6  
Tags
 
Add a new tag
Caveats
  • Supply blocks, unpowered buildings, or Contaminate may cause inaccurate times.
  • Supply counts are checked every 10 seconds.